cohdb
Replays
Latest Replays
All Replays
Popular Replays
Top Player Replays
Match Explorer
How It Works
Community
CoH3 Stats
Reddit
Sign in to upload your games and track your stats! →
Sign in with Steam
Match 46965884
Unlisted
Match 46965884
Overview
Messages
Build Orders
End
Construct Weapon Support Center
Selects Heavy Weapons
M1919 Machine Gun Team
M1919 Machine Gun Team
Bazooka Squad
Engineer Squad
Air Support Center
Bazooka Squad
M3 Armored Personnel Carrier
Selects M2HB .50cal Heavy Machine Gun
Construct Motor Pool
Selects Assault Carriers
M8 Greyhound Armored Car
Construct Medical Station
Selects Halftrack Strongpoints
M3 Assault Carrier
Improved M9 Bazooka Rockets
M1 Anti-tank Gun Team
Der Tiergarten
Mr.Anderson
我的辫子在心中
MAVNE
Sad Pepe
gio_misro
0
0
Comments
sign in to comment!
No comments posted yet!